 Dungeon Crawl Stone Soup version 0.24-a0-434-gd57e52fea8 (webtiles) character file.

Game seed: 5404156456102430267

200851 Peloso the Hoplite (level 17, -7/158 HPs)
             Began as a Minotaur Fighter on June 14, 2019.
             Was the Champion of Okawaru.
             Blown up by an orb spider (52 damage)
             ... with an orb of destruction
             ... on level 2 of the Spider Nest on June 15, 2019.
             The game lasted 01:59:08 (34658 turns).

Peloso the Hoplite (Minotaur Fighter)              Turns: 34658, Time: 01:59:09

Health: -7/158     AC: 34    Str: 30    XL:     17   Next: 89%
Magic:  18/18      EV: 19    Int:  8    God:    Okawaru [******]
Gold:   1121       SH: 20    Dex: 19    Spells: 16/16 levels left

rFire    . . .     SeeInvis +   a - +7 demon blade
rCold    . . .     Gourm    .   J - +2 shield {reflect}
rNeg     . . .     Faith    .   o - +11 chain mail of Okawaru's Favour {MR+ Slay+3}
rPois    +         Spirit   .   M - +1 hat of Pandemonium {-Cast rElec rPois Dex+8}
rElec    +         Reflect  +   z - +1 cloak {MR+}
rCorr    .         Harm     .   K - +1 pair of gloves {Str+3}
MR       +++..     NoCast   +   G - +2 pair of boots
Stlth    ..........             O - amulet "Vohiuq" {rPois Regen+ Int+3}
HPRegen  0.76/turn              R - +4 ring of evasion
MPRegen  0.16/turn              V - ring of see invisible

@: lethally poisoned (-7 -> -7)
A: retaliatory headbutt, horns 2
}: 1/15 runes: decaying
a: Heroism, Finesse, Renounce Religion


You were on level 2 of the Spider Nest.
You worshipped Okawaru.
Okawaru was exalted by your worship.
You were very hungry.

You visited 6 branches of the dungeon, and saw 30 of its levels.
You also visited: Ossuary and Gauntlet.

You collected 3292 gold pieces.
You spent 2171 gold pieces at shops.

Inventory:

Hand Weapons
 a - a +7 demon blade (weapon)
 b - a +4 long sword of flaming
Armour
 o - the +11 chain mail of Okawaru's Favour (worn) {MR+ Slay+3}
   (Okawaru gifted it to you on level 3 of the Lair of Beasts)

   It affects your accuracy and damage with ranged weapons and melee attacks
   (+3).
   It affects your resistance to hostile enchantments.
 p - the +7 plate armour "Orcholig" {+Inv SInv}
   (You found it on level 1 of the Spider Nest)

   It lets you see invisible.
   It lets you turn invisible.
 z - a +1 cloak of magic resistance (worn)
 G - a +2 pair of boots (worn)
 J - a +2 shield of reflection (worn)
 K - a +1 pair of gloves of strength (worn)
 M - the +1 hat of Pandemonium (worn) {-Cast rElec rPois Dex+8}
   (Okawaru gifted it to you on level 15 of the Dungeon)

   It affects your dexterity (+8).
   It insulates you from electricity.
   It protects you from poison.
   It prevents spellcasting.
 W - a +1 hat of magic resistance
Jewellery
 v - an uncursed ring of fire
 y - an uncursed ring of flight
 L - an uncursed ring of ice
 O - the amulet "Vohiuq" (around neck) {rPois Regen+ Int+3}
   (You found it in a Gauntlet)

   [amulet of regeneration]

   It affects your intelligence (+3).
   It protects you from poison.
   It increases your rate of regeneration.
 R - a +4 ring of evasion (left hand)
 S - an uncursed amulet of the gourmand {unknown}
 V - a ring of see invisible (right hand)
Wands
 h - a wand of polymorph (13)
 i - a wand of random effects (7)
 E - a wand of digging (2)
Scrolls
 c - a scroll of vulnerability {unknown}
 g - 14 scrolls of teleportation
 j - 2 scrolls of identify
 k - a scroll of enchant armour
 l - 4 scrolls of magic mapping
 n - 7 scrolls of remove curse
 s - 5 scrolls of noise
 I - 5 scrolls of blinking
 N - a scroll of fear
 Q - 2 scrolls of summoning
 U - 3 scrolls of enchant weapon {unknown}
Potions
 d - 7 potions of might
 e - a potion of resistance
 m - 11 potions of curing
 q - a potion of berserk rage
 t - 5 potions of heal wounds
 w - a potion of flight
 C - 3 potions of haste
 X - 6 potions of agility
Comestibles
 f - 29 rations


   Skills:
 + Level 16.0 Fighting
 + Level 17.8 Long Blades
   Level 3.6 Maces & Flails
 + Level 15.3 Armour
 + Level 8.2 Dodging
 + Level 2.3 Stealth
 + Level 22.1 Shields
 + Level 3.0 Invocations
 + Level 2.8 Evocations


You had 16 spell levels left.
You didn't know any spells.
Your spell library contained the following spells:

 Spells                   Type           Power        Failure   Level  Hunger
 Ensorcelled Hibernation  Hex/Ice        #.....       91%         2    ###....
 Passwall                 Tmut/Erth      #.......     91%         2    ###....
 Sticks to Snakes         Tmut           #.......     91%         2    ###....
 Swiftness                Chrm/Air       #.......     91%         2    ###....
 Throw Flame              Conj/Fire      #.....       91%         2    ###....
 Passage of Golubria      Tloc           N/A          100%        4    #####..
 Sticky Flame             Conj/Fire      #.......     100%        4    #####..
 Blade Hands              Tmut           #.........   100%        5    ######.
 Bolt of Magma            Conj/Fire/Erth #.........   100%        5    ######.
 Borgnjor's Vile Clutch   Necr/Erth      #.........   100%        5    ######.
 Fireball                 Conj/Fire      #.........   100%        5    ######.
 Iskenderun's Battlesphe  Conj/Chrm      #.......     100%        5    ######.
 Lee's Rapid Deconstruct  Erth           #.........   100%        5    ######.
 Silence                  Hex/Air        #.........   100%        5    ######.
 Venom Bolt               Conj/Pois      #.........   100%        5    ######.
 Darkness                 Hex            #.........   100%        6    #######
 Invisibility             Hex            #.......     100%        6    #######
 Iron Shot                Conj/Erth      #.........   100%        6    #######
 Shadow Creatures         Summ           N/A          100%        6    #######
 Dragon Form              Tmut           #.........   100%        7    #######
 Orb of Destruction       Conj           #.........   100%        7    #######
 Spellforged Servitor     Conj/Summ      #.........   100%        7    #######
 Ignition                 Fire           #.........   100%        8    #######


Dungeon Overview and Level Annotations

Branches:
Dungeon (15/15)            Temple (1/1) D:6            Lair (6/6) D:11
  Swamp (4/4) Lair:3       Spider (2/4) Lair:3        Slime (0/5) Lair:5
    Orc (2/2) D:12            Elf (0/3) Orc:2        Vaults (0/5) D:14
 Depths (0/5) D:15

Altars:
Ashenzari
Cheibriados
Dithmenos
Elyvilon
Fedhas
Gozag
Hepliaklqana
Kikubaaqudgha
Makhleb
Nemelex Xobeh
Okawaru
Qazlal
Ru
Sif Muna
Trog
Uskayaw
Vehumet
Wu Jian
Xom
Yredelemnul
Zin
The Shining One
Beogh
Jiyva

Shops:
D:10 (   D:11 [?(%   Orc:2 *([:


Innate Abilities, Weirdness & Mutations

You reflexively headbutt those who attack you in melee.
You have a pair of horns on your head.


Message History

Your +2 shield of reflection reflects the orb of destruction!
The orb of destruction hits a rock wall.
The orb spider begins to weave its threads into a brightly glowing ball.
You slash the orb spider!
The orb spider is lightly wounded.
The orb spider weaves a glowing orb of energy.
Your +2 shield of reflection reflects the orb of destruction!
The wavering orb of destruction hits the orb spider!!
Unknown command.
You slice the orb spider!!
You kill the orb spider!
Okawaru accepts your kill.
A redback comes into view.
Unknown command.
You feel sick.
The orb spider weaves a glowing orb of energy.
An orb of destruction comes into view.
Your +2 shield of reflection reflects the orb of destruction!
The orb of destruction hits you!!!
You die...

######
##^#^.##
#......#
#......#
#....#
#.†.^###
#......#
#..##...#
#...#.○@.#
.s.###..s.#
#..#
#.....# ###
#.....#
##./..#
##...#
#...#
#####...#
#..#....#


You could see an orb spider.

Vanquished Creatures
  Mara (Swamp:3)
  Nikola (Swamp:1)
  Arachne (Spider:1)
  Jorgrun (D:13)
  3 thorn hunters
  Donald (Swamp:3)
  The ghost of bosakos the Severer, a journeyman MiBe of Trog (D:14)
  An orc warlord (Orc:1)
  Louise (D:14)
  The ghost of Gargoyl the Corrupter of Planes, a journeyman CeAK of Lugonu (Lair:6)
  A minotaur (Gauntlet)
  The ghost of hemabe the Covert, a journeyman HuAr of Trog (D:12)
  The ghost of hemabe the Covert, a journeyman HuAr of Trog (D:12)
  A death ooze (Gauntlet)
  A fire dragon (Lair:6)
  Erolcha (D:9)
  Harold (D:14)
  23 hydras
  8 vault guards (D:14)
  2 shambling mangroves
  3 ice dragons (Swamp:4)
  A catoblepas (D:15)
  3 death yaks (Lair:6)
  A ghost crab (Swamp:4)
  Erica (D:14)
  3 two-headed ogres
  A death knight (D:15)
  A dancing weapon (D:14)
  6 centaur warriors
  9 alligators
  3 orc high priests
  4 tengu warriors
  Urug (D:14)
  A vampire mage (D:15)
  Sonja (Lair:2)
  A hell knight (D:14)
  A skeletal warrior (D:15)
  A fire crab (Gauntlet)
  2 unseen horrors
  A spriggan druid (Swamp:4)
  2 wizards
  2 lindwurms (Lair:6)
  4 swamp dragons
  Pikel (D:9)
  A necromancer (D:15)
  A golden dragon skeleton (D:15)
  5 orc knights
  5 orc sorcerers
  7 orb spiders
  20 ugly things
  3 deep elf magi (D:15)
  7 wolf spiders
  A stone giant zombie (D:15)
  18 slime creatures
  5 cyclopes
  14 elephants
  Maurice (Orc:1)
  4 black mambas
  7 centaur skeletons
  Psyche (D:9)
  A frost giant skeleton (D:15)
  3 gargoyles
  4 kobold demonologists
  12 komodo dragons
  12 spiny frogs
  8 rime drakes
  5 demonic crawlers
  A guardian mummy (D:15)
  5 freezing wraiths
  2 tengu conjurers
  A polar bear (shapeshifter) (D:13)
  A queen bee (Lair:2)
  Grinder (D:5)
  13 jumping spiders
  12 hornets
  A merfolk (D:10)
  Prince Ribbit (Lair:2)
  2 trolls (Orc:2)
  6 tyrant leeches
  14 blink frogs
  8 dream sheep (Lair:6)
  15 hippogriffs
  7 bog bodies
  A shadow (D:15)
  A deep troll skeleton (D:15)
  4 flying skulls (Gauntlet)
  A vampire (D:14)
  2 wraiths
  10 spriggans
  3 wyverns
  21 redbacks
  15 tarantellas
  48 yaks
  8 basilisks
  2 hungry ghosts
  3 fire bats (Gauntlet)
  6 swamp worm simulacra (Swamp:4)
  3 steam dragons
  28 vampire mosquitoes
  Menkaure (D:4)
  32 insubstantial wisps
  5 wargs (Orc:1)
  13 swamp worms
  15 water moccasins
  A hell hound (Gauntlet)
  Duvessa (D:4)
  An acid dragon (D:13)
  16 hydra simulacra (Swamp:4)
  7 porcupines
  11 swamp drakes
  32 orc warriors
  4 ice beasts
  4 sky beasts
  6 black bears
  A necrophage (D:10)
  3 phantoms
  A wolf (Lair:2)
  11 ogres
  15 centaurs
  6 big kobolds
  21 crocodiles
  14 bullfrogs
  Blork the orc (Orc:2)
  Dowan (D:4)
  10 scorpions
  37 killer bees
  11 wights
  3 electric eels
  A bullfrog zombie (D:9)
  4 howler monkeys
  3 crimson imps
  A quasit (D:9)
  7 centaur zombies
  A gnoll shaman (D:7)
  5 hounds
  4 jellies
  28 orc wizards
  18 orc priests
  4 iguanas
  A hell rat (Lair:2)
  4 worker ants
  2 big kobold zombies (Ossuary)
  2 hound skeletons
  6 mummies (Ossuary)
  A worker ant zombie (D:6)
  13 adders
  4 gnolls (D:7)
  A howler monkey skeleton (D:10)
  5 shadow imps
  An ooze (D:1)
  2 swamp drake simulacra (Swamp:4)
  An adder skeleton (D:6)
  5 worms
  3 dart slugs
  8 leopard geckos
  66 orcs
  3 ball pythons
  A bat skeleton (D:2)
  6 giant cockroaches
  A gnoll zombie (Ossuary)
  13 goblins
  8 hobgoblins
  8 jackals
  5 quokkas
  A ball python skeleton (D:4)
  9 bats
  6 frilled lizards
  A hobgoblin zombie (Ossuary)
  18 kobolds
  A kobold zombie (Ossuary)
  6 rats
  2 briar patches (Swamp:3)
  2 bushes (D:6)
  7 plants
1080 creatures vanquished.

Vanquished Creatures (others)
  An azure jelly (Swamp:4)
  An alligator (Swamp:1)
  A spriggan (Swamp:1)
  A spiny frog (Swamp:4)
  A hornet (Swamp:1)
  A tyrant leech (Swamp:4)
  An insubstantial wisp (Swamp:1)
  A swamp worm (Swamp:4)
  A swamp drake (Lair:6)
  A centaur (D:15)
  A worker ant zombie (D:9)
  An adder (D:9)
  An orc (Orc:2)
  A briar patch (Swamp:3)
  4 plants
  2 withered plants (D:15)
20 creatures vanquished.

Grand Total: 1100 creatures vanquished

Notes
Turn   | Place    | Note
-------+----------+-------------------------------------------
     0 | D:1      | Peloso the Minotaur Fighter began the quest for the Orb.
     0 | D:1      | Reached XP level 1. HP: 19/19 MP: 0/0
   123 | D:1      | Reached XP level 2. HP: 19/27 MP: 1/1
   175 | D:1      | Reached skill level 4 in Shields
   301 | D:1      | Reached XP level 3. HP: 24/33 MP: 2/2
   587 | D:2      | Reached XP level 4. HP: 28/40 MP: 3/3
   893 | D:2      | Found a deep blue altar of Sif Muna.
   906 | D:2      | Found a hazy altar of Hepliaklqana.
   960 | D:2      | Found a snail-covered altar of Cheibriados.
  1457 | D:3      | Found a faded altar of an unknown god.
  1557 | D:3      | Reached XP level 5. HP: 44/46 MP: 4/4
  1662 | D:3      | Found an ornate altar of the Wu Jian Council.
  1894 | D:3      | Reached skill level 5 in Shields
  1977 | D:4      | Reached skill level 5 in Long Blades
  2225 | D:4      | Noticed Menkaure
  2407 | D:4      | Killed Menkaure
  2407 | D:4      | Reached skill level 1 in Dodging
  2407 | D:4      | Reached XP level 6. HP: 9/53 MP: 5/5
  2810 | D:4      | Noticed Dowan
  2811 | D:4      | Noticed Duvessa
  2815 | D:4      | Reached skill level 5 in Armour
  2821 | D:4      | Killed Dowan
  2833 | D:4      | Killed Duvessa
  2833 | D:4      | Reached XP level 7. HP: 24/60 MP: 6/6
  3488 | D:5      | Entered Level 5 of the Dungeon
  3704 | D:5      | Reached skill level 5 in Fighting
  3704 | D:5      | Reached skill level 6 in Shields
  4140 | D:5      | Got a jewelled war axe
  4141 | D:5      | Identified the +9 war axe of a bailey {freeze, rF+++ rC+
                  | Str-3 Dex-5} (You found it on level 5 of the Dungeon)
  4609 | D:5      | Noticed Grinder
  4628 | D:5      | Killed Grinder
  4628 | D:5      | Reached XP level 8. HP: 41/69 MP: 7/7
  5208 | D:6      | Found a staircase to the Ecumenical Temple.
  5212 | Temple   | Entered the Ecumenical Temple
  5219 | Temple   | Became a worshipper of Warmaster Okawaru
  5755 | D:6      | Got a crystal dagger
  5756 | D:6      | Identified the +4 dagger "Bug Qim" {venom, rF+ Str+2 Dex+6}
                  | (You found it on level 6 of the Dungeon)
  5823 | D:6      | Reached skill level 7 in Shields
  6204 | D:6      | Reached XP level 9. HP: 40/75 MP: 8/8
  7231 | D:7      | Reached * piety under Okawaru
  7665 | D:8      | Found a bloodstained altar of Trog.
  7791 | D:8      | Found a sand-covered staircase.
  7801 | Ossuary  | Entered an ossuary
  7826 | Ossuary  | Reached skill level 8 in Shields
  8135 | D:8      | Reached ** piety under Okawaru
  8135 | D:8      | Reached skill level 10 in Long Blades
  8333 | D:8      | Noticed a two-headed ogre
  8343 | D:8      | Killed a two-headed ogre
  8343 | D:8      | Reached skill level 9 in Shields
  8343 | D:8      | Reached XP level 10. HP: 66/86 MP: 6/9
  8455 | D:8      | You fall into a shaft and drop 2 floors!
  8455 | D:10     | Entered Level 10 of the Dungeon
  8460 | D:10     | Noticed a gargoyle
  8493 | D:10     | Killed a gargoyle
  8829 | D:10     | Reached skill level 10 in Shields
  8831 | D:10     | Reached *** piety under Okawaru
  8966 | D:10     | Found Yzim's Weapon Boutique.
  8984 | D:10     | Noticed a two-headed ogre
  8994 | D:10     | Killed a two-headed ogre
  9259 | D:10     | Reached skill level 11 in Shields
  9594 | D:10     | Killed an unseen horror
  9594 | D:10     | Reached **** piety under Okawaru
  9594 | D:10     | Reached XP level 11. HP: 41/94 MP: 10/10
  9848 | D:10     | Reached skill level 10 in Armour
 10052 | D:9      | Found a bloodstained altar of Trog.
 10390 | D:9      | Noticed Pikel
 10435 | D:9      | Killed Pikel
 10525 | D:9      | Received a gift from Okawaru
 10612 | D:9      | Noticed a six-headed hydra
 10621 | D:9      | Noticed Psyche
 10622 | D:9      | Killed a six-headed hydra
 10622 | D:9      | Reached skill level 12 in Shields
 10636 | D:9      | Killed Psyche
 10707 | D:9      | Noticed Erolcha
 10720 | D:9      | Killed Erolcha
 10720 | D:9      | Reached ***** piety under Okawaru
 11485 | D:11     | Found Rikikhlu's Food Shop.
 12223 | D:10     | Reached skill level 13 in Shields
 12284 | D:11     | Found Empozxuq's Magic Scroll Emporium.
 12286 | D:11     | Found Giotum's Weapon Emporium.
 12292 | D:11     | Bought a scroll of magic mapping for 38 gold pieces
 12292 | D:11     | Bought a scroll of blinking for 82 gold pieces
 12292 | D:11     | Bought a scroll of identify for 22 gold pieces
 12292 | D:11     | Bought a scroll of identify for 22 gold pieces
 12292 | D:11     | Bought a scroll of enchant armour for 82 gold pieces
 12307 | D:11     | Found Utalelek's Antique Armour Emporium.
 12414 | D:11     | Found a staircase to the Lair.
 12628 | Lair:1   | Entered Level 1 of the Lair of Beasts
 12669 | Lair:1   | Received a gift from Okawaru
 12774 | Lair:1   | Reached XP level 12. HP: 105/105 MP: 11/11
 14284 | Lair:2   | Reached skill level 10 in Fighting
 14389 | Lair:2   | Reached skill level 14 in Shields
 14599 | Lair:2   | Noticed Prince Ribbit
 14627 | Lair:2   | Killed Prince Ribbit
 14898 | Lair:2   | Noticed Sonja
 15082 | Lair:2   | Killed Sonja
 15300 | Lair:3   | Reached skill level 1 in Evocations
 15336 | Lair:3   | Found a staircase to the Swamp.
 15425 | Lair:3   | Reached skill level 15 in Shields
 15442 | Lair:3   | Received a gift from Okawaru
 15445 | Lair:3   | Got a warped chain mail {god gift}
 15570 | Lair:3   | Identified the +11 chain mail of Okawaru's Favour {MR+
                  | Slay+3} (Okawaru gifted it to you on level 3 of the Lair of
                  | Beasts)
 15695 | Lair:3   | Noticed a five-headed hydra
 15710 | Lair:3   | Killed a five-headed hydra
 15710 | Lair:3   | Reached skill level 1 in Maces & Flails
 15740 | Lair:3   | Found a hole to the Spider Nest.
 15745 | Lair:3   | Reached XP level 13. HP: 111/114 MP: 13/13
 17185 | D:12     | Found a staircase to the Orcish Mines.
 17362 | D:12     | Noticed hemabe's ghost (journeyman HuAr)
 17362 | D:12     | Noticed hemabe's ghost (journeyman HuAr)
 17363 | D:12     | Found a runed translucent gate.
 17363 | D:12     | Found a runed translucent gate.
 17363 | D:12     | Found a runed translucent gate.
 17789 | D:13     | Reached skill level 1 in Invocations
 17794 | D:13     | Reached skill level 16 in Shields
 17864 | D:13     | Received a gift from Okawaru
 17965 | D:13     | Received a gift from Okawaru
 18150 | D:13     | Noticed Jorgrun
 18156 | D:13     | Reached ****** piety under Okawaru
 18165 | D:13     | Killed Jorgrun
 18165 | D:13     | Reached skill level 1 in Stealth
 18553 | D:14     | Found a gate to the Vaults.
 18569 | D:14     | Reached XP level 14. HP: 112/125 MP: 14/14
 18588 | D:14     | Found a gate leading to a gauntlet.
 18588 | D:14     | Found a runed translucent door.
 18595 | D:14     | Reached skill level 17 in Shields
 18671 | Gauntlet | Entered a Gauntlet
 18671 | Gauntlet | Found a transporter.
 18679 | Gauntlet | Found a transporter.
 18681 | Gauntlet | Found a transporter.
 18698 | Gauntlet | Found a transporter.
 18699 | Gauntlet | Found a transporter.
 18709 | Gauntlet | Found a transporter.
 18726 | Gauntlet | Found a transporter.
 18735 | Gauntlet | Found a runed translucent door.
 18736 | Gauntlet | Found a transporter.
 18737 | Gauntlet | Found a runed translucent door.
 18746 | Gauntlet | Found a transporter.
 18763 | Gauntlet | Found a transporter.
 18770 | Gauntlet | Found a transporter.
 18775 | Gauntlet | Found a transporter.
 18960 | Gauntlet | Found a transporter.
 19008 | Gauntlet | Found a transporter.
 19037 | Gauntlet | Got a clouded tin amulet
 19039 | Gauntlet | Identified the amulet "Vohiuq" {rPois Regen+ Int+3} (You
                  | found it in a Gauntlet)
 19086 | Gauntlet | Received a gift from Okawaru
 19111 | Gauntlet | Identified the Grimoire of Blistering Transmutation
 19132 | Gauntlet | Identified a scroll of acquirement
 19169 | Gauntlet | Got a heavily runed ring mail
 19337 | Lair:1   | Identified the +1 ring mail "Zenat" {rF+ MR- Slay+5} (You
                  | found it in a Gauntlet)
 19479 | D:12     | Killed hemabe's ghost
 19492 | D:12     | Killed hemabe's ghost
 19711 | D:14     | Reached skill level 15 in Long Blades
 19788 | D:14     | Reached skill level 18 in Shields
 19820 | D:14     | Reached skill level 5 in Dodging
 20318 | D:14     | Noticed Erica
 20320 | D:14     | Noticed Harold
 20321 | D:14     | Noticed Urug
 20323 | D:14     | Noticed Louise
 20409 | D:14     | Killed Louise
 20412 | D:14     | Killed Harold
 20417 | D:14     | Killed Erica
 20430 | D:14     | Killed Urug
 20551 | D:14     | Noticed bosakos's ghost (journeyman MiBe)
 20602 | D:15     | Entered Level 15 of the Dungeon
 20682 | D:15     | Reached XP level 15. HP: 94/134 MP: 15/15
 20755 | D:15     | Found a staircase to the Depths.
 20902 | Orc:1    | Entered Level 1 of the Orcish Mines
 20947 | Orc:1    | Noticed Maurice
 20959 | Orc:1    | Received a gift from Okawaru
 20964 | Orc:1    | Killed Maurice
 21399 | Orc:2    | Entered Level 2 of the Orcish Mines
 21403 | Orc:2    | Noticed an orc warlord
 21674 | Orc:1    | Killed an orc warlord
 21734 | Orc:2    | Found a roughly hewn altar of Beogh.
 21736 | Orc:2    | Noticed Blork the orc
 21885 | Orc:2    | Killed Blork the orc
 22087 | Orc:2    | Found a staircase to the Elven Halls.
 22265 | Orc:2    | Found Vuesukij's Antique Weapon Shop.
 22282 | Orc:2    | Found Ykluimek's General Store.
 22295 | Orc:2    | Bought a +1 cloak of magic resistance for 231 gold pieces
 22368 | Orc:2    | Found Adghoug's Book Shop.
 22383 | Orc:2    | Found Dazxiq's Antique Armour Shop.
 22390 | Orc:2    | Bought a pair of runed boots for 247 gold pieces
 22479 | Orc:2    | Reached skill level 19 in Shields
 22485 | Orc:2    | Found a roughly hewn altar of Beogh.
 23284 | D:15     | Received a gift from Okawaru
 23618 | D:15     | Received a gift from Okawaru
 23638 | D:15     | Got a pitted hat {god gift}
 23649 | D:15     | Identified the +1 hat of Pandemonium {-Cast rElec rPois
                  | Dex+8} (Okawaru gifted it to you on level 15 of the
                  | Dungeon)
 23990 | Lair:5   | Found a viscous altar of Jiyva.
 23993 | Lair:5   | Found a staircase to the Slime Pits.
 24603 | Lair:6   | Entered Level 6 of the Lair of Beasts
 25399 | Lair:6   | Reached XP level 16. HP: 146/146 MP: 16/16
 25597 | Lair:6   | Found a runed translucent gate.
 25598 | Lair:6   | Found a runed translucent gate.
 25598 | Lair:6   | Noticed Gargoyl's ghost (journeyman CeAK)
 25599 | Lair:6   | Found a runed translucent gate.
 25789 | Lair:6   | Reached skill level 20 in Shields
 26797 | Lair:6   | Killed Gargoyl's ghost
 26839 | Lair:6   | Upgraded the game from 0.24-a0-433-gbe6fa4f6cc to
                  | 0.24-a0-434-gd57e52fea8
 27081 | D:11     | Bought smoking fire dragon scales for 1365 gold pieces
 27095 | D:11     | Identified the +5 fire dragon scales of Beogh's Scorn
                  | {rElec rF++ rC- Dex-2 Stlth+} (You bought it in a shop on
                  | level 11 of the Dungeon)
 27125 | D:11     | Bought a scroll of enchant armour for 82 gold pieces
 27289 | D:14     | Killed bosakos's ghost
 27289 | D:14     | Received a gift from Okawaru
 27294 | D:14     | Got a faintly glowing scimitar {god gift}
 27295 | D:14     | Identified the +5 scimitar "Wuhuerr" {slice, -Tele rElec
                  | Str+4 Dex+8} (Okawaru gifted it to you on level 14 of the
                  | Dungeon)
 27311 | D:14     | Got an ichor-stained shortbow
 27544 | Swamp:1  | Entered Level 1 of the Swamp
 27955 | Swamp:1  | Noticed Nikola
 27974 | Swamp:1  | Killed Nikola
 27997 | Swamp:1  | Received a gift from Okawaru
 28000 | Swamp:1  | Got a polished lajatang {god gift}
 28010 | Swamp:1  | Got a translucent diamond amulet
 28012 | Swamp:1  | Identified the amulet "Heimidan" {Harm *Drain +Blink +Fly
                  | rF+} (You found it on level 1 of the Swamp)
 29356 | Swamp:3  | Noticed Donald
 29471 | Swamp:3  | Noticed a thorn hunter
 29488 | Swamp:3  | Killed Donald
 29488 | Swamp:3  | Reached skill level 21 in Shields
 29491 | Swamp:3  | Killed a thorn hunter
 29866 | Swamp:3  | Reached skill level 15 in Fighting
 29947 | Swamp:3  | Reached XP level 17. HP: 124/156 MP: 18/18
 30111 | Swamp:3  | Noticed Mara
 30113 | Swamp:3  | Got a bronze ring mail
 30133 | Swamp:3  | Killed Mara
 30133 | Swamp:3  | Received a gift from Okawaru
 30912 | Swamp:4  | Entered Level 4 of the Swamp
 30974 | Swamp:4  | Received a gift from Okawaru
 31001 | Swamp:4  | Got a brightly glowing scale mail {god gift}
 31242 | Lair:1   | Identified the cursed +0 ring mail "Ejiexkyo" {+Fly rPois
                  | Regen+ Dex-2} (You found it on level 3 of the Swamp)
 31262 | Lair:1   | Identified the +9 scale mail of Dogmatism {rF+++ MR+ Str-2
                  | Int+3} (Okawaru gifted it to you on level 4 of the Swamp)
 31357 | Lair:1   | Identified the +1 lajatang of Dominance {venom, +Blink
                  | rPois Str+4 Dex+3} (Okawaru gifted it to you on level 1 of
                  | the Swamp)
 31365 | Lair:1   | Identified the +2 shortbow of Ancient Evil {venom, Str+2}
                  | (You found it on level 14 of the Dungeon)
 32858 | Swamp:4  | Reached skill level 15 in Armour
 33059 | Swamp:4  | Got a decaying rune of Zot
 33444 | Spider:1 | Entered Level 1 of the Spider Nest
 33782 | Spider:1 | Got a scorched plate armour
 33794 | Spider:1 | Identified the +7 plate armour "Orcholig" {+Inv SInv} (You
                  | found it on level 1 of the Spider Nest)
 33936 | Spider:1 | Received a gift from Okawaru
 34024 | Spider:1 | Reached skill level 22 in Shields
 34468 | Spider:2 | Noticed Arachne
 34496 | Spider:1 | Killed Arachne
 34658 | Spider:2 | Blown up by an orb spider

Levels and vault maps discovered:
D:1:      onia_arrival_pyramid, layout_basic, minmay_bisected
D:2:      minmay_chambers_of_ones, layout_basic, kennysheep_slug_shrine,
          amethyst_overflow_temple_binary
D:3:      layout_rooms, nicolae_overflow_crystal_walls,
          chequers_ecumenical_altar_simple_redux, roderic_serpentine_path,
          kennysheep_generic_room_16
D:4:      layout_basic, first_ration, uniq_duvessa, uniq_menkaure
D:5:      layout_cave_pods, uniq_grinder
D:6:      minmay_inner_zag, layout_loops_corners, temple_green,
          lexackson_kobold_supper
D:7:      layout_basic
D:8:      layout_loops_corners, enter_ossuary_3, basic_altar, minmay_orc_keep
D:9:      layout_basic, trog_ov_bears_minmay, uniq_pikel, uniq_psyche,
          uniq_erolcha
D:10:     layout_gridville, serial_shops, nicolae_shop_crystal,
          hangedman_fish_farm
D:11:     layout_rooms, david_lair_generic, serial_shops, shop_fountains, shop,
          shop, shop
D:12:     layout_loops_cross, orc_0_dummy, gammafunk_ghost_cemetery
D:13:     layout_roguey, uniq_jorgrun
D:14:     layout_loops_ring, erik_vaults_2, gauntlet_entry_generic,
          ebering_ghost_reflecting_pool, sword_in_stone
D:15:     gammafunk_depths_entry_grave, layout_loops_ring, minmay_misc_feat_iff,
          hangedman_abyss_or_decor_jellyfish_corner,
          chequers_serial_rivers_marsh
Temple:   nicolae_temple_no_exploring_needed
Lair:1:   layout_regular_city
Lair:2:   regret_index_combs_of_tragedy, layout_concentric_octagons,
          serial_bayou_pond_c, serial_bayou_ford_a, beast_lair_carwin_11,
          uniq_prince_ribbit2, uniq_sonja
Lair:3:   layout_chaotic_city, swamp_mist_pool,
          nicolae_spider_entry_non_spiders, st_stairs_9,
          infiniplex_staircase_pool_2
Lair:4:   layout_concentric_octagons, lemuel_fruit_fields, grunt_megastairs_1
Lair:5:   layout_layer_cave, slime_altar_1, minivault_23
Lair:6:   hangedman_lair_in_review, layout_cave_pods, guppyfry_lair_end_dragon,
          gammafunk_ghost_hydra_chop, kennysheep_basilisk_garden
Swamp:1:  layout_falls_marsh, hangedman_swamp_ruin_wall, swamp_pool3,
          uniq_nikola
Swamp:2:  layout_falls_marsh, nicolae_swamp_very_dense_foliage, swamp_pool1,
          st_swamp_ruins_1, uniq_louise
Swamp:3:  layout_basic_swamp, evilmike_swamp_ruin_wall, swamp_pool5,
          grunt_witch_cave, uniq_donald, uniq_mara
Swamp:4:  swamp_icy, layout_basic_swamp
Spider:1: layout_spider_delve, drop_trap
Spider:2: layout_spider_delve, hangedman_spider_mandibles, drop_trap,
          uniq_arachne
Orc:1:    layout_caves, uniq_maurice
Orc:2:    grunt_orc_cross, layout_caves, bh_open_orc_temple

Skill      XL: |  1  2  3  4  5  6  7  8  9 10 11 12 13 14 15 16 17 |
---------------+----------------------------------------------------+-----
Shields        | 4 5 6 7 9 11 13 15 16 18 19 21 22 | 22.1
Armour         | 4 5 6 8 9 10 11 12 13 14 15 | 15.3
Fighting       | 4 5 7 8 9 10 11 12 14 15 16 | 16.0
Long Blades    | 3 4 5 6 7 8 10 11 13 14 15 16 17 | 17.8
Dodging        | 1 2 3 4 5 6 7 8 |  8.2
Evocations     | 1 2 |  2.8
Maces & Flails | 1 3 |  3.6
Invocations    | 1 2 3 |  3.0
Stealth        | 1 2 |  2.3

Action                   |  1- 3 |  4- 6 |  7- 9 | 10-12 | 13-15 | 16-18 || total
-------------------------+-------+-------+-------+-------+-------+-------++-------
Melee: Long sword        |    76 |   135 |   533 |   587 |  1133 |   843 ||  3307
       Headbutt          |     6 |    19 |   156 |   294 |   427 |   351 ||  1253
       Falchion          |       |       |       |   660 |   179 |       ||   839
       Whip              |       |       |       |    14 |    30 |       ||    44
       Demon blade       |       |       |       |       |       |    86 ||    86
       Punch             |       |       |       |       |       |     1 ||     1
Invok: Heroism           |       |       |     1 |     5 |    13 |     6 ||    25
       Finesse           |       |       |       |       |     1 |     2 ||     3
Evoke: Wand              |       |       |       |    16 |       |    35 ||    51
  Use: Scroll            |       |       |    11 |    12 |     7 |     5 ||    35
       Potion            |       |       |       |     1 |       |     4 ||     5
 Stab: Confused          |       |       |       |       |       |     3 ||     3
  Eat: Chunk             |       |     4 |    14 |    20 |    26 |    23 ||    87
       Ration            |       |     1 |     1 |     2 |     2 |     2 ||     8
Armor: Scale mail        |    54 |    45 |     8 |       |       |       ||   107
       Chain mail        |       |       |    47 |    11 |   387 |   434 ||   879
       Plate armour      |       |       |     9 |       |       |       ||     9
       Crystal plate arm |       |       |   121 |   682 |       |       ||   803
Dodge: Dodged            |    30 |    35 |    84 |   325 |   444 |   638 ||  1556
Block: Shield            |    57 |    75 |   232 |   830 |   986 |   879 ||  3059
       Reflection        |       |       |       |       |    37 |    10 ||    47
       Rpst.: Long sword |    10 |     6 |    17 |    31 |    85 |   101 ||   250
       Falchion          |       |       |       |    53 |    13 |       ||    66
       Demon blade       |       |       |       |       |       |    10 ||    10

Table legend:
 A = Non-vault XP
 B = Vault XP
 C = Vault XP percentage of total XP
 D = Non-vault monster count
 E = Vault monster count
 F = Vault count percentage of total count
                 A         B        C        D         E       F
            +---------+---------+-------+---------+---------+-------
      Total |  177974 |  104154 |  36.9 |     785 |     290 |  27.0
            +---------+---------+-------+---------+---------+-------
        D:1 |      44 |       6 |  12.0 |      23 |       4 |  14.8
        D:2 |      88 |      16 |  15.4 |      17 |       6 |  26.1
        D:3 |      81 |       5 |   5.8 |      23 |       3 |  11.5
        D:4 |     229 |     389 |  62.9 |      10 |       3 |  23.1
        D:5 |     558 |     295 |  34.6 |      11 |       1 |   8.3
        D:6 |     972 |     457 |  32.0 |      23 |      13 |  36.1
        D:7 |     789 |       0 |   0.0 |      14 |       0 |   0.0
        D:8 |    1990 |      53 |   2.6 |      22 |       5 |  18.5
        D:9 |    2200 |    2413 |  52.3 |      23 |       5 |  17.9
       D:10 |    6629 |    1079 |  14.0 |      54 |       4 |   6.9
       D:11 |    1315 |     193 |  12.8 |      15 |       1 |   6.2
       D:12 |    1934 |    2203 |  53.3 |      10 |       2 |  16.7
       D:13 |   12158 |    3223 |  21.0 |      48 |       1 |   2.0
       D:14 |   14911 |   15684 |  51.3 |      37 |      15 |  28.8
       D:15 |   18791 |    4452 |  19.2 |      38 |       8 |  17.4
     Lair:1 |    4937 |       0 |   0.0 |      23 |       0 |   0.0
     Lair:2 |    1665 |    7633 |  82.1 |      11 |      54 |  83.1
     Lair:3 |    6438 |    2326 |  26.5 |      26 |      13 |  33.3
     Lair:4 |    4380 |     618 |  12.4 |      12 |       2 |  14.3
     Lair:5 |    6788 |       0 |   0.0 |      22 |       0 |   0.0
     Lair:6 |   12132 |   17726 |  59.4 |      40 |      41 |  50.6
    Swamp:1 |   11284 |    3970 |  26.0 |      34 |       1 |   2.9
    Swamp:2 |    7647 |    2862 |  27.2 |      20 |       5 |  20.0
    Swamp:3 |   16095 |   13112 |  44.9 |      49 |       9 |  15.5
    Swamp:4 |   16120 |    7243 |  31.0 |      44 |      31 |  41.3
   Spider:1 |   16151 |    3579 |  18.1 |      55 |       1 |   1.8
   Spider:2 |    3513 |       0 |   0.0 |       8 |       0 |   0.0
      Orc:1 |    5934 |    5854 |  49.7 |      59 |      20 |  25.3
      Orc:2 |    2201 |    3680 |  62.6 |      14 |      17 |  54.8
    Ossuary |       0 |     307 | 100.0 |       0 |      14 | 100.0
   Gauntlet |       0 |    4776 | 100.0 |       0 |      11 | 100.0
            +---------+---------+-------+---------+---------+-------
